 Dungeon Sprint DCSS version 0.17-a0-1646-geb1493d (webtiles) character file.

3514 nuthulu the Grappler (level 9, -2/180 HPs)
             Began as a Troll Berserker on Aug 10, 2015.
             Was a High Priest of Trog.
             Slain by a deep troll (12 damage)
             ... in the Dungeon (Sprint II: "The Violet Keep of Menkaure").
             The game lasted 00:05:16 (892 turns).

nuthulu the Grappler (Troll Berserker)               Turns: 892, Time: 00:05:16

Health: -2/180     AC:  6    Str: 32    XL:     9   Next: 81%
Magic:  8/8        EV: 15    Int:  3    God:    Trog [*****.]
Gold:   513        SH:  0    Dex: 12    Spells: 0 memorised, 8 levels left

rFire  . . .     SeeInvis +       - Unarmed
rCold  . . .     Clarity  .     a - +0 animal skin
rNeg   . . .     SustAt   .     (no shield)
rPois  .         Gourm    +     (helmet restricted)
rElec  .         Spirit   .     k - +0 cloak
rCorr  .         Warding  .     (gloves unavailable)
rMut   .         NoTele   +     (boots unavailable)
MR     .....                    l - amulet of Vitality {Regen+ HP+15}
Stlth  ..........               (no ring)
                                n - ring of see invisible

@: berserking (expiring), very quick, not resistant to hostile enchantments,
extremely unstealthy
A: unfitting armour, claws 3, fast metabolism 3, gourmand, regeneration 2,
shaggy fur 1, tough skin 2
a: Burn Spellbooks, Berserk, Trog's Hand, Brothers in Arms, Renounce Religion


You were in the Dungeon.
You worshipped Trog.
Trog was extremely pleased with you.
You were not hungry.

You visited 1 branch You collected 1178 gold pieces.
You spent 665 gold pieces at shops.

Inventory:

Armour
 a - a +0 animal skin (worn)
 k - a +0 cloak (worn)
Jewellery
 l - the amulet of Vitality (around neck) {Regen+ HP+15}
   (You bought it in a shop in the Dungeon)

   [amulet of regeneration]

   It affects your health (+15).
   It increases your rate of regeneration.
 n - a ring of see invisible (left claw)
Scrolls
 i - 4 scrolls of blinking
 m - a scroll of magic mapping {unknown}
 o - 4 scrolls of fog
 r - a scroll of recharging {unknown}
 t - a scroll of enchant weapon {unknown}
 u - a scroll of remove curse {unknown}
 v - a scroll of fear {unknown}
Potions
 c - 2 potions of curing
 d - 2 potions of heal wounds
 e - 9 potions of haste
 f - 5 potions of magic
 g - a potion of berserk rage
 j - a potion of might
 p - 3 potions of resistance
 q - 4 potions of flight
Comestibles
 b - 2 bread rations
 s - 2 meat rations


   Skills:
 + Level 11.4 Fighting
 + Level 11.3 Dodging
 + Level 13.3 Unarmed Combat


You had 8 spell levels left.
You didn't know any spells.

Dungeon Overview and Level Annotations

Branches:
Dungeon (1/1)

Altars:
Cheibriados
Dithmenos
Elyvilon
Fedhas
Gozag
Kikubaaqudgha
Makhleb
Nemelex Xobeh
Okawaru
Qazlal
Ru
Sif Muna
Trog
Vehumet
Xom
Yredelemnul
Zin
The Shining One
Beogh
Jiyva
Lugonu

Shops:
D :?!=[[![}:((%==}

Annotations:
D exclusion: oklob plant


Innate Abilities, Weirdness & Mutations

You are too large for most types of armour.
You have claws for hands.
Your metabolism is lightning-fast.
You like to eat raw meat.
You heal very quickly.
You are covered in fur (AC +1).
You have very tough skin (AC +2).


Message History

The deep troll claws you.
* * * LOW HITPOINT WARNING * * *
The deep troll claws you but does no damage.
You closely miss the deep troll. You claw the deep troll!!
The deep troll is severely wounded.
You claw the deep troll!
The deep troll is severely wounded.
The deep troll bites you!
* * * LOW HITPOINT WARNING * * *
The deep troll barely misses you. The deep troll claws you!
* * * LOW HITPOINT WARNING * * *
Unknown command.
You barely miss the deep troll.
The deep troll is severely wounded.
You barely miss the deep troll.
The deep troll is severely wounded.
The deep troll bites you!
* * * LOW HITPOINT WARNING * * *
The deep troll claws you!
You die...

#..##.#▓....)[..▓▓
##..†##▓▓▓▓▓▓▓'▓▓▓▓+▓
.≈≈≈≈≈≈≈†≈≈≈≈≈.w*≈≈≈▓
.≈#+########+###wX≈≈▓
.≈#.)(_._._#≈§§##≈≈≈▓
.≈#.._._._.#§§§§####▓▓
≈≈#._._._._#§§§§≈##$$#
≈≈#_._._._.#§§≈§§≈#§.#
≈≈#._._._..#§§§§@§'$$+
§§#_._._...#≈§§†§T#$.#
≈§#._.⌠....#≈≈§§§≈▓ #
≈≈#........#§§≈≈▓▓▓
≈≈##########§≈§≈▓
≈≈≈≈≈§≈≈≈▓ #####≈▓▓▓▓
#▓


You could see a deep troll.

Vanquished Creatures
  A death drake (D)
  A deep troll (D)
  A siren (D)
  A yaktaur (D)
  3 polar bears (D)
  2 boulder beetles (D)
  2 hippogriffs (D)
  Menkaure (D)
  2 swamp drakes (D)
  A wasp (D)
  4 crocodiles (D)
  3 worms (D)
22 creatures vanquished.

Vanquished Creatures (others)
  12 tentacles (D)
  121 tentacle segments (D)
133 creatures vanquished.

Grand Total: 155 creatures vanquished

Notes
Turn   | Place    | Note
--------------------------------------------------------------
     0 | D        | nuthulu the Troll Berserker began the quest for the Orb.
     0 | D        | Reached XP level 1. HP: 22/22 MP: 0/0
    14 | D        | Acquired Trog's second power
    34 | D        | Noticed a hippogriff
    34 | D        | Noticed a hippogriff
    37 | D        | Noticed a boulder beetle
    37 | D        | Noticed a boulder beetle
    40 | D        | Noticed a siren
    62 | D        | Killed a siren
    62 | D        | Reached skill level 7 in Fighting
    62 | D        | Reached skill level 8 in Unarmed Combat
    62 | D        | Reached XP level 2. HP: 6/40 MP: 1/1
    62 | D        | Reached XP level 3. HP: 6/46 MP: 2/2
    62 | D        | Reached XP level 4. HP: 7/55 MP: 3/3
    62 | D        | Reached XP level 5. HP: 7/62 MP: 4/4
    62 | D        | Reached XP level 6. HP: 8/71 MP: 5/5
   178 | D        | Killed a hippogriff
   178 | D        | Reached skill level 9 in Unarmed Combat
   183 | D        | Killed a hippogriff
   183 | D        | Reached XP level 7. HP: 80/80 MP: 6/6
   249 | D        | Found Luwohac's Gadget Shop.
   250 | D        | Found Kulen's Food Boutique.
   250 | D        | Found Muetuumn's Antique Weapon Shop.
   250 | D        | Found Bixiedd's Armour Boutique.
   250 | D        | Found Toymm's Gadget Boutique.
   250 | D        | Found Meokky's Antique Armour Shop.
   250 | D        | Found Zejatt's Antique Armour Shop.
   250 | D        | Found Elaepiq's Antique Weapon Shop.
   250 | D        | Found Oliudisu's Jewellery Boutique.
   250 | D        | Found Buthif's Jewellery Shop.
   250 | D        | Found Apsesh's Distillery.
   251 | D        | Found Zutroq's Distillery.
   251 | D        | Found Peef Ano's Magic Scroll Boutique.
   252 | D        | Found Lunacac's Jewellery Boutique.
   252 | D        | Found Enkoh's Book Shop.
   253 | D        | Noticed Menkaure
   253 | D        | Noticed a fire dragon
   253 | D        | Noticed an oklob plant
   254 | D        | Found Zifos's Book Shoppe.
   257 | D        | Noticed a soldier ant
   257 | D        | Noticed a soldier ant
   270 | D        | Killed Menkaure
   270 | D        | Reached skill level 10 in Unarmed Combat
   308 | D        | Bought a potion of heal wounds for 60 gold pieces
   308 | D        | Bought a potion of might for 48 gold pieces
   310 | D        | Noticed a spiny frog
   312 | D        | Noticed a spiny frog
   313 | D        | Bought a potion of heal wounds for 50 gold pieces
   314 | D        | Bought a +0 cloak for 63 gold pieces
   319 | D        | Noticed a soldier ant
   322 | D        | Bought the amulet of Vitality {Regen+ HP+15} for 444 gold pieces
   355 | D        | Killed a boulder beetle
   355 | D        | Acquired Trog's third power
   368 | D        | Killed a boulder beetle
   368 | D        | Reached XP level 8. HP: 61/92 MP: 7/7
   417 | D        | Noticed a crocodile
   425 | D        | Killed a crocodile
   437 | D        | Found a deep blue altar of Sif Muna.
   437 | D        | Found a glowing golden altar of the Shining One.
   438 | D        | Found a roughly hewn altar of Beogh.
   438 | D        | Found a viscous altar of Jiyva.
   439 | D        | Found a shadowy altar of Dithmenos.
   439 | D        | Found a bloodstained altar of Trog.
   439 | D        | Found a sparkling altar of Nemelex Xobeh.
   440 | D        | Found a sacrificial altar of Ru.
   440 | D        | Found a blossoming altar of Fedhas.
   440 | D        | Found a radiant altar of Vehumet.
   441 | D        | Found a burning altar of Makhleb.
   441 | D        | Found a shimmering altar of Xom.
   441 | D        | Found an ancient bone altar of Kikubaaqudgha.
   442 | D        | Found an opulent altar of Gozag.
   442 | D        | Found a basalt altar of Yredelemnul.
   442 | D        | Found a corrupted altar of Lugonu.
   443 | D        | Found an iron altar of Okawaru.
   443 | D        | Found a white marble altar of Elyvilon.
   445 | D        | Found a stormy altar of Qazlal.
   445 | D        | Found a snail-covered altar of Cheibriados.
   445 | D        | Found a glowing silver altar of Zin.
   445 | D        | Noticed a wasp
   445 | D        | Noticed a polar bear
   446 | D        | Noticed a yaktaur
   447 | D        | Noticed a polar bear
   450 | D        | Noticed a polar bear
   461 | D        | Killed a polar bear
   461 | D        | Reached skill level 11 in Unarmed Combat
   469 | D        | Killed a wasp
   474 | D        | Killed a polar bear
   474 | D        | Received a gift from Trog
   475 | D        | Killed a yaktaur
   475 | D        | Reached skill level 10 in Fighting
   475 | D        | Reached skill level 10 in Dodging
   480 | D        | Killed a polar bear
   480 | D        | Reached skill level 12 in Unarmed Combat
   480 | D        | Reached XP level 9. HP: 77/102 MP: 8/8
   528 | D        | Noticed a crocodile
   530 | D        | Noticed a crocodile
   533 | D        | Noticed a kraken
   710 | D        | Killed a crocodile
   712 | D        | Killed a crocodile
   721 | D        | Noticed a death drake
   721 | D        | Noticed a swamp drake
   723 | D        | Noticed a swamp drake
   724 | D        | Noticed a death drake
   736 | D        | Killed a death drake
   741 | D        | Killed a swamp drake
   760 | D        | Killed a swamp drake
   825 | D        | Noticed a crystal guardian
   838 | D        | Noticed a crocodile
   844 | D        | Killed a crocodile
   844 | D        | Received a gift from Trog
   875 | D        | Noticed a deep troll
   876 | D        | Noticed a deep troll
   888 | D        | Killed a deep troll
   888 | D        | Reached skill level 13 in Unarmed Combat
   892 | D        | Slain by a deep troll

Vault maps used:
D:        the_violet_keep_of_menkaure

Action                   |  1- 3 |  4- 6 |  7- 9 || total
-------------------------+-------+-------+-------++-------
Melee: Unarmed           |    29 |     7 |    89 ||   125
Invok: Berserk           |       |     1 |     4 ||     5
       Brothers in Arms  |       |       |     2 ||     2
       Trog's Hand       |       |       |     1 ||     1
  Use: Scroll            |       |       |     5 ||     5
       Potion            |       |       |     2 ||     2
  Eat: Chunk             |     1 |       |    12 ||    13
